 Dungeon Crawl Stone Soup version 0.20.1-1-g8b1a95d (webtiles) character file.

63 slep the Skirmisher (level 3, 0/29 HPs)
             Began as a Demonspawn Fighter on Nov 1, 2017.
             Succumbed to an adder's poison
             ... on level 2 of the Dungeon.
             The game lasted 00:05:09 (1041 turns).

slep the Skirmisher (Demonspawn Fighter)            Turns: 1041, Time: 00:05:10

Health: 0/29       AC:  6    Str: 16    XL:     3   Next: 89%
Magic:  3/3        EV: 12    Int: 14    God:
Gold:   42         SH:  9    Dex: 13    Spells: 2/2 levels left

rFire    + . .     SeeInvis .   a - +0 long sword
rCold    . . .     Gourm    .   c - +0 shield
rNeg     . . .     Faith    .   b - +0 scale mail
rPois    .         Spirit   .   (no helmet)
rElec    .         Reflect  .   (no cloak)
rCorr    .         Harm     .   (no gloves)
MR       .....                  (no boots)
Stlth    ..........             (no amulet)
Regen    0.1/turn               e - ring of flight
MPRegen  0.1/turn               l - +5 ring of evasion

@: brilliant, lethally poisoned (0 -> -2)
A: fire resistance 1
a: Evoke Flight


You were on level 2 of the Dungeon.
You were not hungry.

You visited 1 branch of the dungeon, and saw 2 of its levels.

You collected 42 gold pieces.

Inventory:

Hand Weapons
 a - a +0 long sword (weapon)
Armour
 b - a +0 scale mail (worn)
 c - a +0 shield (worn)
Jewellery
 e - a ring of flight (left hand)
 l - a +5 ring of evasion (right hand)
Scrolls
 h - a scroll of immolation {unknown}
 j - a scroll of teleportation {unknown}
 k - 2 scrolls of identify {unknown}
 m - a scroll of remove curse {unknown}
 o - a scroll of fear {unknown}
Potions
 d - a potion of might
Comestibles
 f - a bread ration
 g - a royal jelly
 i - 3 chunks of flesh


   Skills:
 + Level 3.4 Fighting
 + Level 2.5 Long Blades
 + Level 3.1 Armour
 + Level 0.3 Dodging
 + Level 3.1 Shields


You had 2 spell levels left.
You didn't know any spells.

Dungeon Overview and Level Annotations

Branches:
Dungeon (2/15)

Altars:


Innate Abilities, Weirdness & Mutations

Your flesh is heat resistant. (rF+)


Message History

You hit the giant cockroach.
The giant cockroach is severely wounded.
The giant cockroach bites you.
* * * LOW HITPOINT WARNING * * *
Your shield and scale mail prevent you from hitting the giant cockroach.
The giant cockroach is severely wounded.
* * * LOW HITPOINT WARNING * * *
You feel sick. The giant cockroach bites you.
* * * LOW HITPOINT WARNING * * *
You block the giant cockroach's attack.
It was a potion of brilliance.
You feel clever all of a sudden. You block the giant cockroach's attack.
Your shield and scale mail prevent you from hitting the giant cockroach.
The giant cockroach is heavily wounded.
The giant cockroach bites you but does no damage.
The giant cockroach barely misses you.
You hit the giant cockroach but do no damage.
The giant cockroach is heavily wounded.
You die...

##.###........##### #.##
##..#.#### ##
.#.###.....# ### .
.##.#.#...###. ..#.#
.###.##...# #.###.#. .#
####...# #.#.... .# #...#
#.#.#.# # .#
#...###.#.#s#.##.##
#######...##....@).......
.................#...#.#.
.................#.#.#
.................#.. #
#######...##.#####..# #
#...##.. ... # #...#####
###. # #...# . #...


You could see a giant cockroach.

Vanquished Creatures
  An adder (D:2)
  An ooze (D:1)
  A worm (D:2)
  2 dart slugs
  4 leopard geckos (D:1)
  A ball python (D:1)
  6 bats
  3 giant cockroaches (D:1)
  4 goblins
  5 hobgoblins
  A quokka (D:2)
  2 frilled lizards
  3 kobolds
  6 rats
40 creatures vanquished.

Notes
Turn   | Place    | Note
-------+----------+-------------------------------------------
     0 | D:1      | slep the Demonspawn Fighter began the quest for the Orb.
     0 | D:1      | Reached XP level 1. HP: 18/18 MP: 1/1
    68 | D:1      | Gained mutation: Your flesh is heat resistant. (rF+) [demonic ancestry]
    68 | D:1      | Reached XP level 2. HP: 21/24 MP: 2/2
   317 | D:1      | Reached XP level 3. HP: 22/29 MP: 3/3
  1038 | D:2      | HP: 1/29 [giant cockroach (2)]
  1041 | D:2      | Succumbed to an adder's poison

Skill      XL: |  1  2 |
---------------+-------+-----
Armour         | 3 |  3.1
Long Blades    | 2 |  2.5
Shields        | 3 |  3.1
Fighting       | |  3.4
Dodging        | |  0.3

Action                   || total
-------------------------++-------
Melee: Long sword        ||   127
  Use: Potion            ||     1
  Eat: Chunk             ||     1
Armor: Scale mail        ||    40
Dodge: Dodged            ||    62
Block: Shield            ||    65
       Rpst.: Long sword ||    25
